 Dungeon Crawl Stone Soup version 0.30-a0-756-gc2185399d4 (webtiles) character file.

Game seed: 14807373576805775004

1566 Dirtsage the Carver (level 8, -4/61 HPs)
             Began as a Merfolk Gladiator on Feb 9, 2023.
             Slain by a warg (14 damage)
             ... on level 6 of the Dungeon.
             The game lasted 00:09:13 (4996 turns).

Dirtsage the Carver (Merfolk Gladiator)             Turns: 4996, Time: 00:09:14

Health: -4/61      AC:  7    Str: 14    XL:     8   Next: 90%
Magic:  8/8        EV: 17    Int:  7    God:
Gold:   347        SH:  0    Dex: 18    Spells: 7/7 levels left

rFire   . . .      SeeInvis .    a - +0 long sword
rCold   + . .      Faith    .    (no shield)
rNeg    . . .      Spirit   .    o - +0 ring mail
rPois   .          Reflect  .    c - +0 helmet
rElec   .          Harm     .    D - +0 cloak
rCorr   .          Rampage  .    (no gloves)
Will    .....                    (boots currently unavailable)
Stlth   ++                       E - amulet of regeneration
HPRegen 1.10/turn                I - ring of protection from cold
MPRegen 0.11/turn                (no ring)

@: very quick
A: nimble swimmer 2, mertail
a: no special abilities


You were on level 6 of the Dungeon.
You visited 1 branch of the dungeon, and saw 6 of its levels.

You collected 347 gold pieces.

Inventory:

Hand Weapons
 a - a +0 long sword (weapon)
Missiles
 d - 3 throwing nets (quivered)
 e - a javelin
 f - 5 curare-tipped darts
Armour
 b - a +0 leather armour
 c - a +0 helmet (worn)
 i - a +0 scale mail
 o - a +0 ring mail (worn)
 C - a +2 robe of the Archmagi
 D - a +0 cloak (worn)
Jewellery
 g - an amulet of reflection
 v - a ring of fire
 E - an amulet of regeneration (around neck)
 F - a ring of protection from fire
 I - a ring of protection from cold (left hand)
Wands
 B - a wand of flame (13)
Scrolls
 h - 7 scrolls of identify {unknown}
 j - 3 scrolls of teleportation {unknown}
 l - a scroll of blinking {unknown}
 n - a scroll of acquirement {unknown}
 p - a scroll of amnesia {unknown}
 t - a scroll of silence {unknown}
 u - a scroll of immolation {unknown}
 x - 2 scrolls of poison {unknown}
 y - a scroll of magic mapping {unknown}
 z - a scroll of fog {unknown}
 H - a scroll of torment {unknown}
Potions
 k - 2 potions of might {unknown}
 m - a potion of ambrosia {unknown}
 q - 2 potions of experience {unknown}
 r - 2 potions of haste {unknown}
 s - a potion of heal wounds {unknown}
 w - 2 potions of curing {unknown}
 A - a potion of invisibility {unknown}
 G - a potion of flight {unknown}
 J - 2 potions of berserk rage {unknown}
 K - a potion of degeneration {unknown}


   Skills:
 + Level 4.4 Fighting
 * Level 11.9 Long Blades
 - Level 2.0 Throwing
 + Level 6.2 Dodging


You had 7 spell levels left.
You didn't know any spells.
Your spell library contained the following spells:

 Spells                   Type           Power      Damage    Failure   Level
 Hailstorm                Conj/Ice       0%         3d3       96%         3
 Ozocubu's Armour         Ice            0%         N/A       96%         3
 Ice Form                 Ice/Tmut       0%         N/A       100%        4
 Metabolic Englaciation   Hex/Ice        0%         N/A       100%        5
 Simulacrum               Ice/Necr       0%         N/A       100%        6


Dungeon Overview and Level Annotations

Branches:
Dungeon (6/15)
 Temple: D:4-7

Altars:
Gozag
Nemelex Xobeh
The Shining One

Shops:
D:2 :

Annotations:
D:6 exclusion: 4 doors


Innate Abilities, Weirdness & Mutations

You are very nimble when in or above water. (Stealth+, EV+, Speed+++)
Your lower body shifts to a powerful aquatic tail in water.


Message History

The howler monkey hoots and howls with incredible vigour!
The warg misses you.
You hit the warg.
The warg is lightly wounded.
The warg closely misses you.
You slash the warg!
The warg is moderately wounded.
The warg bites you!
You take 11 damage, and have 19/61 hp.
You barely miss the warg. You tail-slap the warg.
The warg is moderately wounded.
The warg bites you!
* * * LOW HITPOINT WARNING * * *
You take 13 damage, and have 6/61 hp.
MASSIVE DAMAGE!!
You slash the warg!
The warg is heavily wounded.
The warg bites you.
* * * LOW HITPOINT WARNING * * *
You take 3 damage, and have 3/61 hp.
An iguana comes into view.
The iguana moves out of view.
You slash the warg!
You tail-slap the warg, but do no damage.
The warg is severely wounded.
The warg bites you.
* * * LOW HITPOINT WARNING * * *
You take 3 damage, and have 7/61 hp.
You slash the warg!
The warg is almost dead.
The warg closely misses you.
The warg stops to sniff the water.
The warg closely misses you.
You closely miss the warg.
The warg is almost dead.
The warg closely misses you.
You closely miss the warg.
You tail-slap the warg, but do no damage.
The warg is almost dead.
The warg bites you!
You die...

#.~~~....# #.~≈~..P.#
#.≈≈~....# #.≈≈~....#
#.≈≈~....# #'###≈~....#
############...#≈~P...#
...........#...#≈h....#
~~~≈~~~~~~~#####@~....#
≈≈≈≈≈≈≈≈≈≈≈≈≈≈≈≈≈~....#
~≈~~~~~~≈~~~~~≈≈l~...P#
......................#
..................#####
......###########.#
..###.# #.# #...#.# #.#
.##...# #.#


You could see a warg and an iguana.

Vanquished Creatures
  Sigmund (D:4)
  A warg (D:6)
  A water moccasin (D:5)
  An ogre (D:4)
  2 phantoms (D:5)
  3 bullfrogs
  A scorpion (D:6)
  6 howler monkeys (D:6)
  2 hounds (D:6)
  An orc priest (D:5)
  3 iguanas
  Jessica (D:2)
  Natasha (thrice) (D:2)
  7 adders
  3 gnolls (D:5)
  A white imp (D:5)
  4 worms
  2 dart slugs
  11 orcs
  6 bats
  7 endoplasms
  2 giant cockroaches
  6 goblins
  8 hobgoblins
  3 jackals (D:4)
  7 kobolds
  3 quokkas
  9 ball pythons
  4 frilled lizards
  8 rats
117 creatures vanquished.

Notes
Turn   | Place    | Note
-------+----------+-------------------------------------------
     0 | D:1      | Dirtsage the Merfolk Gladiator began the quest for the Orb.
     0 | D:1      | Reached XP level 1. HP: 16/16 MP: 1/1
    80 | D:1      | Reached skill level 4 in Long Blades
    87 | D:1      | Reached XP level 2. HP: 22/22 MP: 2/2
   291 | D:1      | You fall into a shaft and drop 1 floor!
   335 | D:1      | Reached XP level 3. HP: 26/27 MP: 3/3
   361 | D:1      | Reached skill level 5 in Long Blades
   721 | D:2      | Noticed Jessica
   899 | D:2      | Reached XP level 4. HP: 23/33 MP: 4/4
  1010 | D:2      | Reached skill level 6 in Long Blades
  1156 | D:2      | Found Haimusie's Book Shoppe.
  1257 | D:2      | Noticed Natasha
  1270 | D:2      | Killed Natasha
  1389 | D:1      | Reached XP level 5. HP: 34/38 MP: 5/5
  1408 | D:2      | Killed Jessica
  1409 | D:2      | Reached skill level 7 in Long Blades
  1503 | D:2      | Noticed Natasha
  1516 | D:2      | Killed Natasha
  1624 | D:2      | Noticed Natasha
  1633 | D:2      | Killed Natasha
  1738 | D:3      | Found a faded altar of an unknown god.
  1825 | D:3      | Found an opulent altar of Gozag.
  2289 | D:3      | Found a sparkling altar of Nemelex Xobeh.
  2470 | D:4      | Reached skill level 8 in Long Blades
  2470 | D:4      | Reached XP level 6. HP: 35/44 MP: 6/6
  3081 | D:4      | Reached skill level 9 in Long Blades
  3192 | D:4      | Found a glowing golden altar of the Shining One.
  3288 | D:4      | Noticed Sigmund
  3294 | D:4      | Killed Sigmund
  3295 | D:4      | Reached XP level 7. HP: 50/50 MP: 7/7
  3534 | D:5      | Entered Level 5 of the Dungeon
  3557 | D:5      | Reached skill level 10 in Long Blades
  3956 | D:5      | Reached XP level 8. HP: 56/57 MP: 8/8
  4556 | D:6      | Reached skill level 11 in Long Blades
  4556 | D:6      | Reached skill level 5 in Dodging
  4981 | D:6      | HP: 3/61 [warg (4)]
  4996 | D:6      | Slain by a warg

Illustrated notes

Levels and vault maps discovered:
D:1:      moated_graveyard_arrival, layout_basic, minmay_3d_cube
D:2:      layout_loops_cross, serial_shops, shop, uniq_jessica, uniq_natasha
D:3:      layout_loops_ring, mainiacjoe_overflow_24_doors,
          nemelex_dance_club_becter, hellmonk_ecumenical_altar_heavens_door,
          chequers_serial_rivers_small_a
D:4:      minmay_door_path, layout_basic, mainiacjoe_overflow_alcove_1,
          st_stairs_6, uniq_sigmund
D:5:      nicolae_BIG_FREAKIN_CUBE, layout_loops_corners
D:6:      lemuel_castle_with_subvaults [lemuel_castle_interior_carwin_2],
          layout_basic, nicolae_overflow_hidden_temple, serial_rivers,
          chequers_serial_rivers_small_b, chequers_serial_rivers_large_b,
          chequers_serial_rivers_micro_d, chequers_serial_rivers_large_a,
          chequers_serial_rivers_room_b

Skill      XL: |  1  2  3  4  5  6  7  8 |
---------------+-------------------------+-----
Long Blades    | 4 5 6 8 9 10 11 | 11.9
Fighting       | 4 |  4.4
Dodging        | 6 |  6.2
Throwing       | |  2.0

Action                     |  1- 3 |  4- 6 |  7- 9 || total
---------------------------+-------+-------+-------++-------
  Melee: Long sword        |   103 |   188 |   161 ||   452
         Punch             |     2 |     1 |     1 ||     4
         Tailslap          |       |       |     6 ||     6
  Throw: Dart              |       |     1 |       ||     1
   Stab: Sleeping          |     1 |       |     1 ||     2
 Armour: Leather armour    |    21 |       |       ||    21
         Scale mail        |    12 |       |       ||    12
         Ring mail         |     6 |    44 |    43 ||    93
  Dodge: Dodged            |    68 |    80 |    92 ||   240
  Block: Other             |    22 |    38 |     4 ||    64

Table legend: (Time is in decaauts)
 A = Elapsed time spent in this place.
 B = Non-inter-level travel time spent in this place.
 C = Inter-level travel time spent in this place.
 D = Time resting spent in this place.
 E = Time spent auto-exploring this place.
 F = Levels seen in this place.
 G = Mean time per level.
                   A        B        C        D        E       F      G
               +--------+--------+--------+--------+--------+-----+--------+
         Total |   4938 |   4744 |    194 |     51 |   3715 |   6 |  823.0 |
       Dungeon |   4938 |   4744 |    194 |     51 |   3715 |   6 |  823.0 |
               +--------+--------+--------+--------+--------+-----+--------+

Top non-repeatable levels by time:
     D:4: 1076 daAuts
     D:5: 985 daAuts
     D:2: 888 daAuts
     D:3: 803 daAuts
     D:1: 790 daAuts
     D:6: 394 daAuts
